 Dungeon Crawl Stone Soup version 0.30-a0-726-gd89dcf765f (webtiles) character file.

Game seed: 6672666666048016150

122 hikkokomori the Slasher (level 5, 0/41 HPs)
             Began as a Merfolk Gladiator on Jan 29, 2023.
             Killed by divine providence
             ... invoked by an orc priest
              (16 damage)
             ... on level 3 of the Dungeon.
             The game lasted 00:02:06 (1530 turns).

hikkokomori the Slasher (Merfolk Gladiator)         Turns: 1530, Time: 00:02:07

Health: 0/41       AC:  4    Str: 14    XL:     5   Next: 6%
Magic:  5/5        EV: 13    Int:  8    God:
Gold:   94         SH:  0    Dex: 17    Spells: 4/4 levels left

rFire   . . .      SeeInvis .    a - +0 long sword
rCold   . . .      Faith    .    (no shield)
rNeg    . . .      Spirit   .    b - +0 leather armour
rPois   .          Reflect  .    c - +0 helmet
rElec   .          Harm     .    (no cloak)
rCorr   .          Rampage  .    (no gloves)
Will    .....                    (no boots)
Stlth   ++                       (no amulet)
HPRegen 0.26/turn                (no ring)
MPRegen 0.09/turn                (no ring)

@: no status effects
A: (nimble swimmer 2), mertail
a: no special abilities


You were on level 3 of the Dungeon.
You visited 1 branch of the dungeon, and saw 3 of its levels.

You collected 94 gold pieces.

Inventory:

Hand Weapons
 a - a +0 long sword (weapon)
Missiles
 d - 3 throwing nets (quivered)
 e - a javelin
Armour
 b - a +0 leather armour (worn)
 c - a +0 helmet (worn)
Jewellery
 g - a ring of protection from cold
Wands
 o - a wand of polymorph (2)
Scrolls
 f - a scroll of poison {unknown}
 h - 4 scrolls of identify {unknown}
 i - a scroll of silence {unknown}
 k - a scroll of summoning {unknown}
 p - a scroll of blinking {unknown}
Potions
 j - a potion of curing
 l - a potion of lignification {unknown}
 m - a potion of ambrosia {unknown}
 n - 2 potions of magic {unknown}
 q - a potion of attraction {unknown}


   Skills:
 + Level 3.6 Fighting
 + Level 4.9 Long Blades
 - Level 2.0 Throwing
 - Level 4.0 Dodging
 + Level 3.0 Stealth


You had 4 spell levels left.
You didn't know any spells.
Your spell library contained the following spells:

 Spells                   Type           Power      Damage    Failure   Level
 Lesser Beckoning         Tloc           0%         N/A       63%         2
 Gell's Gravitas          Tloc           0%         N/A       86%         3
 Teleport Other           Tloc           0%         N/A       86%         3


Dungeon Overview and Level Annotations

Branches:
Dungeon (3/15)

Altars:
Zin


Innate Abilities, Weirdness & Mutations

((You are very nimble when in or above water. (Stealth+, EV+, Speed+++)))
Your lower body shifts to a powerful aquatic tail in water.


Message History

h - 3 scrolls labelled ACUREABIBE (gained 1)
A rat comes into view.
A rat is nearby!
A rat is nearby!
A rat is nearby!
A rat comes into view.
The rat moves out of view.
You hit the rat.
You kill the rat!
The rat bites you but does no damage.
You see here a rat corpse.
You slash the rat!
You kill the rat!
No target in view!
No target in view!
No target in view!
No target in view!
No target in view!
No target in view!
No target in view!
No target in view!
No target in view!
h - 4 scrolls labelled ACUREABIBE (gained 1)
An orc and an orc priest come into view.
There are monsters nearby!
There are monsters nearby!
There are monsters nearby!
An orc priest comes into view. It is wielding a +0 flail.
Found a stone staircase leading down.
The orc priest shouts!
The orc shouts!
The orc priest calls down the wrath of Beogh upon you.
You barely resist.
The orc priest mumbles some strange prayers to Beogh against you.
Beogh smites you!
The orc priest mumbles some strange prayers to Beogh against you.
Beogh smites you!
The orc priest looks satisfied for a moment.
The orc priest invokes the aid of Beogh against you.
Beogh smites you!
You die...

.##..# .....#
####### .....#
#.....#
.###.#####.###.#
.# #.......# #.#
.###.####### #.#
.# .....# #.# .#
.##### #.####.#
.# #..@.#.# .#
####...# ..
#..## .#
#####..# ..
#......# ..
#####o.# #.o#
#$.# ..o..


You could see an orc priest and an orc.

Vanquished Creatures
  Natasha (thrice) (D:2)
  A gnoll (D:1)
  A dart slug (D:2)
  A ball python (D:1)
  5 endoplasms
  2 giant cockroaches
  3 goblins
  3 hobgoblins
  7 kobolds
  2 bats
  2 frilled lizards
  8 rats
38 creatures vanquished.

Notes
Turn   | Place    | Note
-------+----------+-------------------------------------------
     0 | D:1      | hikkokomori the Merfolk Gladiator began the quest for the
                  | Orb.
     0 | D:1      | Reached XP level 1. HP: 16/16 MP: 1/1
    48 | D:1      | Reached skill level 1 in Stealth
    48 | D:1      | Reached XP level 2. HP: 23/23 MP: 2/2
   303 | D:1      | Reached XP level 3. HP: 20/28 MP: 3/3
   823 | D:2      | Found a glowing silver altar of Zin.
   829 | D:2      | Noticed Natasha
   842 | D:2      | Killed Natasha
   843 | D:2      | Reached XP level 4. HP: 27/35 MP: 4/4
   913 | D:2      | Noticed Natasha
   931 | D:2      | Killed Natasha
   934 | D:2      | Noticed Natasha
   946 | D:2      | Killed Natasha
   947 | D:2      | Reached XP level 5. HP: 26/41 MP: 5/5
  1530 | D:3      | Killed from afar by an orc priest

Illustrated notes

Levels and vault maps discovered:
D:1:      minmay_arrival_shoal_huts, layout_rooms,
          amcnicky_mini_rare_corridor_liquid
D:2:      layout_loops_ring, basic_altar, uniq_natasha
D:3:      layout_loops_ring, elyvilon_altar_4, fedhas_ov_isle_minmay,
          uniq_crazy_yiuf_cottage

Skill      XL: |  1  2  3  4  5 |
---------------+----------------+-----
Long Blades    | 4 |  4.9
Stealth        | 1 2 3 |  3.0
Fighting       | 3 |  3.6
Throwing       | |  2.0
Dodging        | |  4.0

Action                     |  1- 3 |  4- 6 || total
---------------------------+-------+-------++-------
  Melee: Long sword        |    76 |    16 ||    92
         Tailslap          |     2 |       ||     2
         Punch             |     1 |       ||     1
         Unarmed           |       |     4 ||     4
   Stab: Sleeping          |     2 |       ||     2
 Armour: Leather armour    |    17 |     3 ||    20
         Skin              |       |     1 ||     1
  Dodge: Dodged            |    53 |     8 ||    61

Table legend: (Time is in decaauts)
 A = Elapsed time spent in this place.
 B = Non-inter-level travel time spent in this place.
 C = Inter-level travel time spent in this place.
 D = Time resting spent in this place.
 E = Time spent auto-exploring this place.
 F = Levels seen in this place.
 G = Mean time per level.
                   A        B        C        D        E       F      G
               +--------+--------+--------+--------+--------+-----+--------+
         Total |   1524 |   1490 |     34 |    114 |   1051 |   3 |  508.0 |
       Dungeon |   1524 |   1490 |     34 |    114 |   1051 |   3 |  508.0 |
               +--------+--------+--------+--------+--------+-----+--------+

Top non-repeatable levels by time:
     D:2: 886 daAuts
     D:1: 554 daAuts
     D:3: 83 daAuts
